Map: Frozen Temple

Players

Morpheus

  • Race: Terran Terran
  • League: Platinum

pluuv - Winner!

  • Race: Zerg Zerg
  • League: Platinum

VOD

Have the link to the VOD?

Description

Time

  • Played on: May 17, 2016, 7:11 a.m.
  • Length: 14:28
Show
View Real Time Build Order
Export as new Build Order

Morpheus Terran 

Build Orders: MMM Bio 

Get SALT Encoding   

  12  0:01  SCV  
  13  0:13  SCV  
  14  0:18  Supply Depot  
  14  0:25  SCV  
  15  0:39  SCV  
  15  0:40  Barracks  
  16  0:52  SCV  
  17  1:04  SCV  
  18  1:15  Command Center  
  18  1:18  SCV  
  19  1:30  Orbital Command  
  19  1:32  Marine  
  20  1:39  Supply Depot  
  20  1:46  Refinery  
  20  1:54  Barracks  
  20  1:57  SCV  
  20  2:01  Marine  
  21  2:07  Bunker  
  22  2:11  SCV  
  23  2:19  Refinery  
  23  2:26  Orbital Command  
  23  2:28  SCV  
  23  2:29  Marine  
  25  2:43  SCV  
  26  2:45  Barracks Tech Lab  
  26  2:47  Barracks  
  26  2:56  SCV x2  
  28  2:59  Factory  
  28  3:08  SCV x2  
  28  3:12  Marine x2  
  32  3:20  SCV x2  
  32  3:22  Stimpack  
  33  3:30  Marine  
  33  3:32  SCV x2  
  36  3:35  Marine  
  36  3:37  Marine  
  38  3:44  SCV, Supply Depot  
  38  3:45  SCV  
  38  3:46  Refinery  
  38  3:48  Starport  
  40  3:49  Factory Reactor  
  40  3:51  Marine  
  41  3:57  SCV x2  
  41  3:58  Supply Depot  
  43  4:09  SCV  
  43  4:11  SCV  
  43  4:13  Marine  
  45  4:17  Marine  
  45  4:18  Marine  
  45  4:21  SCV  
  45  4:23  SCV  
  49  4:28  Supply Depot  
  49  4:30  Marine  
  50  4:33  SCV  
  50  4:35  SCV  
  52  4:38  Command Center  
  52  4:40  Medivac  
  52  4:41  Medivac  
  52  4:44  Widow Mine  
  58  4:46  Marine  
  58  4:52  SCV x2  
  61  4:55  Supply Depot  
  61  4:56  Marine  
  63  5:04  SCV x2  
  63  5:05  Barracks Reactor  
  64  5:14  Marine  
  64  5:16  SCV x2  
  64  5:20  Marine  
  67  5:30  Combat Shields  
  67  5:31  Marine, Factory Reactor  
  67  5:32  Medivac x2  
  72  5:38  Barracks  
  72  5:40  Barracks  
  72  5:41  Barracks, Engineering Bay  
  72  5:42  Engineering Bay  
  72  5:46  Marine x3  
  73  6:10  Armory  
  69  6:28  Marine x3  
  69  6:29  Marauder  
  70  6:48  Marine x2  
  70  6:50  Liberator x2  
  70  6:53  Supply Depot  
  72  6:55  Supply Depot  
  72  6:57  Barracks Tech Lab x2  
  72  6:58  Barracks Tech Lab  
  78  7:12  Terran Infantry Armor Level 1, Terran Infantry Weapons Level 1  
  78  7:14  Missile Turret  
  78  7:16  Missile Turret  
  78  7:18  Marine x2, Barracks Tech Lab  
  78  7:19  Marauder  
  78  7:20  Marauder x3  
  78  7:21  Barracks Reactor  
  88  7:30  Starport  
  88  7:32  Supply Depot  
  88  7:35  Planetary Fortress  
  88  7:36  Marine x2  
  90  7:37  Refinery  
  90  7:40  SCV, Marine  
  90  7:41  SCV, Marauder  
  95  7:49  Marine x2  
  97  7:53  SCV x2  
  97  7:56  Marine x2  
  101  7:59  Marauder  
  101  8:02  Marauder  
  101  8:05  SCV x2  
  107  8:07  Refinery  
  107  8:12  Missile Turret  
  107  8:15  Supply Depot  
  107  8:16  Supply Depot  
  107  8:17  SCV x2  
  106  8:29  SCV  
  106  8:30  Refinery  
  107  8:36  Marine x3  
  107  8:37  Marauder x2  
  107  8:39  Liberator x2  
  105  8:55  Marine x3  
  104  8:56  Marauder x2  
  104  8:59  Starport Reactor  
  114  9:06  Marine x2  
  114  9:07  Marauder  
  118  9:12  Terran Infantry Armor Level 2, Terran Infantry Weapons Level 2  
  118  9:16  Supply Depot x3  
  118  9:17  Marauder x2  
  118  9:19  SCV x3  
  125  9:31  SCV x2, Liberator  
  125  9:32  SCV  
  125  9:34  Command Center  
  125  9:37  Medivac x2  
  132  9:41  Marine x5  
  132  9:42  Marauder x2, Marine  
  132  9:43  SCV  
  132  9:44  SCV x2  
  148  9:55  SCV  
  148  9:56  SCV x2  
  153  10:00  Marauder  
  153  10:08  Widow Mine  
  153  10:10  Widow Mine  
  154  10:22  Liberator  
  154  10:26  Liberator  
  145  10:29  Marine x2  
  145  10:30  Marauder x2  
  145  10:31  Marauder x2  
  155  10:55  Marine x4  
  155  10:56  Marauder x4  
  167  11:04  Widow Mine x2  
  153  11:12  Marine  
  153  11:13  Marine  
  153  11:17  Marauder x2  
  134  11:20  Marine  
  134  11:21  Marine  
  134  11:22  Marauder x2  
  114  11:37  Liberator  
  99  11:44  Liberator, Marine x3  
  99  11:45  Marauder x4  
  95  11:59  Marine  
  91  12:02  Marine  
  91  12:06  Marauder  
  91  12:07  Marauder  
  90  12:10  Marine x3  
  90  12:11  Marauder  
  89  12:19  Marine  
  89  12:20  Marine  
  86  12:28  Marauder x2, Marine x3, Widow Mine x2  
  97  12:33  Marauder  
  82  12:44  Marine  
  82  12:45  Marine  
  82  12:46  Marine  
  82  12:47  Marauder  
  82  12:49  Marauder  
  80  13:03  Marine x2  
  80  13:04  Marauder x2, Liberator  
  86  13:06  SCV  
  86  13:08  Marauder  
  92  13:31  Planetary Fortress  
  92  13:37  Marine x2  
  92  13:38  Marauder  
  96  13:46  Marine  
Show
View Real Time Build Order
Export as new Build Order

pluuv Zerg - Winner!

Build Orders: Hatch First 

Get SALT Encoding   

  12  0:01  Drone  
  13  0:13  Overlord  
  13  0:17  Drone  
  14  0:31  Drone x2  
  16  0:36  Drone  
  17  0:54  Hatchery  
  17  0:56  Drone  
  17  0:59  Drone  
  18  1:11  Extractor  
  18  1:16  Spawning Pool  
  18  1:17  Drone  
  17  1:23  Drone  
  18  1:30  Drone  
  19  1:42  Drone  
  20  2:06  Queen x2  
  20  2:07  Zergling x2  
  20  2:08  Zergling x4  
  27  2:14  Overlord  
  27  2:18  Metabolic Boost  
  27  2:19  Drone  
  28  2:39  Drone x2  
  28  2:42  Queen x2  
  34  2:51  Overlord  
  34  2:54  Drone x2  
  36  3:10  Drone x4  
  40  3:14  Overlord  
  40  3:17  Drone  
  40  3:18  Drone x3  
  44  3:41  Drone  
  44  3:42  Drone x3  
  44  3:44  Drone  
  44  3:47  Drone  
  50  3:50  Hatchery  
  50  3:54  Overlord  
  50  3:55  Drone  
  50  3:59  Extractor  
  50  4:02  Roach Warren  
  48  4:06  Evolution Chamber  
  48  4:08  Overlord, Evolution Chamber  
  48  4:09  Drone  
  47  4:10  Drone  
  49  4:17  Drone x4  
  49  4:18  Drone  
  53  4:33  Drone x3  
  53  4:36  Zerg Ground Armor Level 1, Zerg Missile Weapons Level 1  
  56  4:48  Lair  
  56  4:52  Roach x5, Extractor x2  
  65  4:53  Roach  
  65  4:57  Overlord  
  66  5:01  Queen  
  66  5:06  Drone  
  66  5:07  Drone, Overlord  
  70  5:26  Drone x5  
  70  5:27  Drone x3  
  78  5:37  Drone x3  
  81  5:44  Roach x4  
  81  5:46  Overlord x2  
  81  6:18  Roach  
  82  6:19  Roach x8  
  82  6:25  Queen  
  86  6:41  Drone x3  
  86  6:43  Drone x4  
  86  6:44  Drone x2  
  86  6:46  Extractor  
  94  6:48  Extractor  
  94  6:49  Glial Reconstitution  
  93  6:54  Infestation Pit  
  92  7:05  Overlord  
  92  7:06  Drone x3  
  92  7:07  Drone x6  
  101  7:14  Zerg Missile Weapons Level 2, Zerg Ground Armor Level 2  
  101  7:20  Overlord x2  
  101  7:21  Overlord  
  101  7:24  Hatchery  
  100  7:31  Ravager x5  
  100  7:32  Ravager x3  
  100  7:33  Overlord  
  100  7:35  Hive  
  108  7:41  Hatchery  
  108  7:43  Drone, Hatchery  
  108  7:44  Drone x6  
  113  7:57  Overlord  
  113  8:02  Pathogen Glands  
  113  8:05  Roach  
  115  8:06  Roach x9  
  133  8:22  Roach x6  
  133  8:24  Overlord x3  
  135  9:00  Adrenal Glands  
  135  9:02  Drone x7, Ultralisk Cavern  
  141  9:03  Drone, Queen  
  141  9:07  Extractor  
  141  9:08  Ravager x2, Extractor  
  141  9:09  Roach  
  146  9:10  Roach x9  
  146  9:11  Overseer x2  
  146  9:12  Overseer  
  164  9:29  Overlord x3  
  164  9:49  Ultralisk x2  
  164  9:52  Zerg Ground Armor Level 3  
  176  9:55  Zergling x28  
  176  9:56  Zergling x10  
  182  10:44  Ultralisk x3  
  196  11:05  Zergling x2  
  187  11:17  Ultralisk x2  
  187  11:18  Ultralisk x2  
  195  11:21  Zergling x2  
  195  11:22  Zergling x8  
  172  11:39  Zergling x2  
  153  11:40  Zergling x32  
  153  11:41  Zergling x10  
  157  12:19  Hatchery  
  148  12:22  Hatchery  
  126  12:46  Roach x8  
  126  12:47  Roach x9  
  126  12:50  Ultralisk  
  126  12:51  Ultralisk x4  
  179  13:11  Drone  
  179  13:12  Drone x3  
  183  13:18  Ravager  
  183  13:19  Ravager x4  
  188  13:21  Overlord x2  
  188  13:22  Overlord x5  
  188  13:46  Ultralisk x2  
  174  14:08  Zergling x20  
  174  14:09  Zergling x46  
Tags
 
Add a new tag
Caveats
  • Supply blocks, unpowered buildings, or Contaminate may cause inaccurate times.
  • Supply counts are checked every 10 seconds.